[ AOE2 MATCH · #508788152 ]
UnrankedSaracens vs Aztecs
Player's team · LOSS
Rival team · WIN
[ REPLAY ANALYSIS · EXTRACTED FROM THE RECORDED GAME ]
Feudal
22:25
Castle
36:00
Imperial
—
| APM avg | 45.0 |
| APM peak | 90 |
| eAPM avg | 21.2 |
| Villagers / military | 64 / 34 |
Focus
⚔️ 38.6% · 🌾 61.4%
Archer ×23 · Mameluke ×9 · Monk ×1 · Mangonel ×1
Feudal
19:23
Castle
31:29
Imperial
—
| APM avg | 67.9 |
| APM peak | 107 |
| eAPM avg | 25.7 |
| Villagers / military | 87 / 143 |
Focus
⚔️ 30.0% · 🌾 70.0%
Jaguar Warrior ×46 · Skirmisher ×28 · Battering Ram ×26 · Archer ×15 · Militia ×15 · Eagle Scout ×11
Match map
Initial resources + every placement click. Lines = walls · curves = elevation contours. ◆ gold · ⬟ stone · ● berries · ✦ relic · ◌ wall gap
Your base· Open — unwalled flank
eduleza17's base· Open — 5t gap
Smoothed initial terrain · ◌ = detected wall gap · hover for details
Inputs per minute
— b1gFooot - - eduleza17
Build order — b1gFooot
First 150 of 180 actions detected
| 0:03 | Queue | Villager (Male) ×4 |
| 0:04 | Build | House |
| 0:06 | Build | House |
| 0:07 | Build | House |
| 1:47 | Queue | Villager (Male) |
| 2:15 | Queue | Villager (Male) |
| 2:43 | Queue | Villager (Male) ×2 |
| 3:07 | Queue | Villager (Male) |
| 3:50 | Queue | Villager (Male) ×3 |
| 5:14 | Queue | Villager (Male) |
| 5:39 | Research | Loom |
| 6:09 | Queue | Villager (Male) |
| 6:40 | Build | Mill |
| 7:13 | Queue | Villager (Male) ×5 |
| 7:16 | Build | Lumber Camp |
| 7:21 | Build | House |
| 9:44 | Build | Mill |
| 10:03 | Queue | Villager (Male) |
| 11:19 | Queue | Villager (Male) ×2 |
| 11:21 | Build | Mill |
| 13:08 | Queue | Villager (Male) |
| 13:13 | Build | House |
| 13:16 | Build | House |
| 13:19 | Queue | Villager (Male) |
| 13:52 | Queue | Villager (Male) |
| 14:45 | Build | House |
| 14:48 | Queue | Villager (Male) |
| 14:50 | Queue | Villager (Male) |
| 15:21 | Queue | Villager (Male) |
| 16:02 | Queue | Villager (Male) |
| 16:40 | Queue | Villager (Male) |
| 17:17 | Queue | Villager (Male) |
| 18:07 | Queue | Villager (Male) |
| 19:11 | Queue | Villager (Male) |
| 20:15 | Research | Feudal Age |
| 20:18 | Build | Lumber Camp |
| 20:50 | Build | Barracks |
| 20:51 | Build | House |
| 20:52 | Build | House |
| 21:07 | Build | Mill |
| 22:25 | Age | Feudal Age |
| 22:36 | Research | Wheelbarrow |
| 22:37 | Research | Double-Bit Axe |
| 22:49 | Build | Archery Range |
| 22:50 | Build | Archery Range |
| 22:52 | Build | Archery Range |
| 23:05 | Build | House |
| 23:06 | Build | House |
| 23:18 | Build | Market |
| 23:29 | Research | Horse Collar |
| 23:42 | Build | Watch Tower |
| 23:47 | Queue | Archer |
| 24:15 | Queue | Villager (Male) |
| 24:18 | Queue | Archer |
| 24:26 | Build | House |
| 24:27 | Build | House |
| 24:35 | Queue | Villager (Male) |
| 24:41 | Build | Farm |
| 24:42 | Build | Farm |
| 24:49 | Build | Farm |
| 25:05 | Queue | Archer |
| 25:05 | Queue | Archer |
| 25:24 | Build | Farm |
| 25:26 | Build | Farm |
| 25:28 | Build | Farm |
| 25:31 | Build | Farm |
| 25:45 | Queue | Villager (Male) |
| 26:09 | Research | Town Watch |
| 26:16 | Build | Mining Camp |
| 26:31 | Build | Farm |
| 26:33 | Build | Farm |
| 26:36 | Build | Farm |
| 26:42 | Queue | Villager (Male) |
| 26:56 | Queue | Villager (Male) |
| 28:15 | Queue | Villager (Male) |
| 28:59 | Queue | Archer ×5 |
| 28:59 | Queue | Archer ×5 |
| 29:39 | Queue | Villager (Male) |
| 29:43 | Queue | Villager (Male) |
| 29:55 | Queue | Archer |
| 30:00 | Research | Gold Mining |
| 30:04 | Queue | Villager (Male) |
| 30:16 | Queue | Archer ×2 |
| 30:29 | Build | Lumber Camp |
| 30:35 | Queue | Villager (Male) |
| 30:48 | Queue | Villager (Male) |
| 30:56 | Queue | Archer ×2 |
| 31:09 | Build | House |
| 31:11 | Build | House |
| 31:37 | Build | Mining Camp |
| 32:11 | Queue | Archer ×4 |
| 32:15 | Queue | Villager (Male) |
| 32:38 | Queue | Villager (Male) |
| 33:20 | Research | Castle Age |
| 33:49 | Build | Farm |
| 33:51 | Build | Farm |
| 33:54 | Build | Farm |
| 33:55 | Build | Farm |
| 35:09 | Build | Lumber Camp |
| 35:19 | Build | Mining Camp |
| 35:36 | Build | Blacksmith |
| 36:00 | Age | Castle Age |
| 36:12 | Research | Fletching |
| 36:18 | Research | Stone Mining |
| 36:23 | Research | Hand Cart |
| 37:22 | Queue | Villager (Male) |
| 37:39 | Build | Town Center |
| 37:58 | Queue | Villager (Male) |
| 38:46 | Build | Castle |
| 38:49 | Queue | Villager (Male) |
| 39:01 | Queue | Villager (Male) |
| 39:15 | Queue | Villager (Male) |
| 39:20 | Queue | Villager (Male) |
| 39:25 | Build | Mill |
| 39:28 | Build | Monastery |
| 39:59 | Queue | Villager (Male) |
| 40:16 | Queue | Monk |
| 40:19 | Queue | Villager (Male) |
| 40:19 | Queue | Villager (Male) |
| 40:32 | Queue | Villager (Male) |
| 40:40 | Queue | Mameluke |
| 41:06 | Build | Town Center |
| 41:09 | Queue | Villager (Male) |
| 41:11 | Queue | Villager (Male) |
| 41:21 | Queue | Mameluke |
| 41:29 | Queue | Mameluke |
| 41:42 | Queue | Villager (Male) |
| 41:47 | Build | Farm |
| 41:49 | Build | Farm |
| 41:51 | Build | Farm |
| 42:20 | Build | Market |
| 42:41 | Build | Market |
| 42:41 | Build | Lumber Camp |
| 43:36 | Build | Castle |
| 44:12 | Build | Castle |
| 44:46 | Queue | Villager (Male) |
| 44:46 | Queue | Villager (Male) |
| 45:00 | Build | Farm |
| 45:04 | Build | Farm |
| 45:05 | Build | Farm |
| 45:06 | Build | Farm |
| 45:07 | Build | Farm |
| 45:08 | Build | Mill |
| 45:08 | Build | Farm |
| 45:13 | Build | Lumber Camp |
| 45:19 | Build | Farm |
| 45:20 | Build | Farm |
| 45:22 | Build | Farm |
| 45:23 | Build | Farm |
| 45:39 | Build | Town Center |
Build order — eduleza17
First 150 of 324 actions detected
| 0:01 | Queue | Villager (Male) |
| 0:01 | Queue | Villager (Male) |
| 0:02 | Build | House |
| 0:04 | Build | House |
| 0:25 | Queue | Villager (Male) |
| 0:50 | Queue | Villager (Male) |
| 1:32 | Queue | Villager (Male) |
| 2:02 | Build | Lumber Camp |
| 2:08 | Queue | Villager (Male) |
| 2:08 | Queue | Villager (Male) |
| 3:14 | Build | House |
| 3:17 | Queue | Villager (Male) |
| 3:18 | Queue | Villager (Male) |
| 4:03 | Queue | Villager (Male) |
| 4:14 | Queue | Villager (Male) |
| 4:54 | Queue | Villager (Male) |
| 4:54 | Queue | Villager (Male) |
| 5:38 | Queue | Villager (Male) |
| 6:09 | Queue | Villager (Male) |
| 6:13 | Queue | Villager (Male) |
| 6:30 | Build | Mill |
| 6:34 | Build | House |
| 6:39 | Queue | Villager (Male) |
| 6:57 | Queue | Villager (Male) |
| 7:08 | Queue | Villager (Male) |
| 7:17 | Queue | Villager (Male) |
| 7:28 | Queue | Villager (Male) |
| 7:28 | Queue | Villager (Male) |
| 7:54 | Build | Barracks |
| 8:08 | Research | Loom |
| 8:40 | Queue | Villager (Male) |
| 8:41 | Queue | Villager (Male) |
| 8:41 | Queue | Villager (Male) |
| 8:53 | Queue | Militia |
| 9:08 | Queue | Villager (Male) |
| 9:09 | Queue | Villager (Male) |
| 9:43 | Queue | Villager (Male) |
| 10:02 | Build | Farm |
| 10:08 | Build | House |
| 10:09 | Queue | Militia |
| 10:09 | Queue | Militia |
| 10:16 | Build | Farm |
| 10:55 | Build | Mill |
| 11:25 | Build | Farm |
| 11:27 | Queue | Villager (Male) |
| 11:27 | Queue | Villager (Male) |
| 11:56 | Build | Farm |
| 12:14 | Build | Farm |
| 12:55 | Queue | Villager (Male) |
| 13:01 | Build | Farm |
| 13:13 | Queue | Villager (Male) |
| 13:48 | Build | Farm |
| 13:50 | Queue | Villager (Male) |
| 13:51 | Queue | Villager (Male) |
| 13:51 | Queue | Villager (Male) |
| 13:56 | Build | Farm |
| 14:02 | Queue | Villager (Male) |
| 14:31 | Queue | Villager (Male) |
| 14:38 | Queue | Villager (Male) |
| 14:42 | Build | Farm |
| 14:58 | Queue | Villager (Male) |
| 15:41 | Queue | Villager (Male) |
| 15:41 | Queue | Villager (Male) |
| 16:01 | Queue | Villager (Male) |
| 16:08 | Build | Farm |
| 16:10 | Build | House |
| 16:21 | Build | Mining Camp |
| 16:26 | Build | Farm |
| 16:46 | Build | House |
| 17:13 | Research | Feudal Age |
| 17:21 | Build | House |
| 17:24 | Build | House |
| 17:28 | Build | House |
| 17:33 | Queue | Militia |
| 17:33 | Queue | Militia |
| 17:43 | Build | House |
| 17:56 | Queue | Militia |
| 17:56 | Queue | Militia |
| 18:10 | Build | Farm |
| 18:21 | Build | Farm |
| 18:55 | Build | Farm |
| 19:15 | Queue | Militia |
| 19:16 | Queue | Militia |
| 19:16 | Queue | Militia |
| 19:23 | Age | Feudal Age |
| 20:09 | Research | Man-at-Arms (upgrade) |
| 20:12 | Queue | Eagle Scout |
| 20:12 | Queue | Eagle Scout |
| 20:39 | Build | Archery Range |
| 20:40 | Queue | Villager (Male) |
| 20:40 | Queue | Villager (Male) |
| 20:40 | Queue | Villager (Male) |
| 20:41 | Queue | Villager (Male) |
| 20:43 | Research | Double-Bit Axe |
| 20:57 | Queue | Villager (Male) |
| 20:59 | Queue | Militia |
| 21:55 | Queue | Archer |
| 21:55 | Queue | Archer |
| 21:55 | Queue | Archer |
| 22:09 | Queue | Villager (Male) |
| 22:09 | Queue | Villager (Male) |
| 22:12 | Build | Farm |
| 22:14 | Queue | Archer |
| 22:38 | Queue | Villager (Male) |
| 22:38 | Queue | Villager (Male) |
| 22:38 | Queue | Villager (Male) |
| 22:42 | Build | House |
| 22:44 | Build | House |
| 22:45 | Build | House |
| 22:47 | Queue | Eagle Scout |
| 22:48 | Queue | Eagle Scout |
| 23:24 | Queue | Villager (Male) |
| 23:24 | Queue | Villager (Male) |
| 23:30 | Queue | Archer |
| 23:49 | Queue | Villager (Male) |
| 23:49 | Queue | Villager (Male) |
| 24:09 | Queue | Villager (Male) |
| 24:12 | Build | House |
| 25:19 | Build | Archery Range |
| 25:23 | Build | Mining Camp |
| 25:34 | Queue | Archer |
| 25:34 | Queue | Archer |
| 25:34 | Queue | Archer |
| 25:34 | Queue | Archer |
| 25:56 | Build | Blacksmith |
| 26:09 | Queue | Archer |
| 26:40 | Queue | Villager (Male) |
| 26:44 | Queue | Archer |
| 26:44 | Queue | Archer |
| 26:52 | Research | Arson |
| 26:53 | Queue | Militia |
| 26:53 | Queue | Militia |
| 26:54 | Queue | Militia |
| 26:54 | Queue | Villager (Male) |
| 26:59 | Research | Fletching |
| 27:00 | Research | Padded Archer Armor |
| 28:22 | Queue | Eagle Scout |
| 28:22 | Queue | Eagle Scout |
| 28:22 | Queue | Eagle Scout |
| 28:22 | Queue | Eagle Scout |
| 28:45 | Queue | Villager (Male) |
| 28:49 | Research | Castle Age |
| 28:49 | Research | Castle Age |
| 29:07 | Queue | Skirmisher |
| 29:07 | Queue | Skirmisher |
| 29:07 | Queue | Skirmisher |
| 29:08 | Queue | Skirmisher |
| 29:34 | Build | House |
| 29:35 | Build | House |
| 29:36 | Build | House |
Match timeline
| 7:54 | eduleza17 · first_building Barracks |
| 19:23 | eduleza17 · age_up feudal |
| 20:39 | eduleza17 · first_building Archery Range |
| 20:50 | b1gFooot · first_building Barracks |
| 22:25 | b1gFooot · age_up feudal |
| 22:49 | b1gFooot · first_building Archery Range |
| 24:01 | b1gFooot · first_market_sell 100 wood |
| 24:15 | b1gFooot · first_market_buy 100 food |
| 30:44 | eduleza17 · first_market_buy 100 food |
| 31:29 | eduleza17 · age_up castle |
| 33:36 | eduleza17 · first_building Siege Workshop |
| 36:00 | b1gFooot · age_up castle |
| 37:53 | eduleza17 · first_building Castle |
| 38:46 | b1gFooot · first_building Castle |
| 39:28 | b1gFooot · first_building Monastery |
| 46:30 | b1gFooot · first_building Siege Workshop |
| 53:31 | b1gFooot · resign |
[ AI ANALYSIS · 1 CREDIT ]
What really happened in this match?
Wolo.gg analyzes every decision: build order, eco, micro, common mistakes by bracket. Personalized analysis on WhatsApp or Discord in 30 seconds.
Civ guide
Saracens
Perfil
Jugador #12072685